 Dungeon Crawl Stone Soup version 0.21-a0-127-g329daca (webtiles) character file.

3801 Chiseanne the Protected (level 10, -6/80 HPs)
             Began as a Gnoll Wanderer on July 16, 2017.
             Was an Initiate of Gozag.
             Mangled by a two-headed ogre
             ... wielding a +0 dire flail
              (13 damage)
             ... on level 9 of the Dungeon.
             The game lasted 00:23:13 (9788 turns).

Chiseanne the Protected (Gnoll Wanderer)            Turns: 9788, Time: 00:23:13

Health: -6/80      AC: 15    Str: 13    XL:     10   Next: 17%
Magic:  0/22       EV: 16    Int: 12    God:    Gozag
Gold:   538        SH:  0    Dex: 16    Spells: 24/26 levels left

rFire    + . .     SeeInvis .   s - +4 quarterstaff (chaos)
rCold    . . .     Gourm    .   (shield currently unavailable)
rNeg     + . .     Faith    .   y - +3 ring mail {rF+}
rPois    +         Spirit   +   m - +2 hat
rElec    .         Reflect  .   C - +0 cloak
rCorr    .         Harm     .   (no gloves)
MR       .....                  j - +1 pair of boots
Stlth    +.........             e - amulet of guardian spirit
HPRegen  0.23/turn              A - ring of poison resistance
MPRegen  0.18/turn              g - ring of positive energy

@: drained
A: short attention span, fangs 1, strong nose
a: Potion Petition, Call Merchant, Bribe Branch, Renounce Religion


You were on level 9 of the Dungeon.
You worshipped Gozag.
Gozag was pleased with you.
You were full.

You visited 1 branch of the dungeon, and saw 9 of its levels.

You collected 805 gold pieces.
You spent 196 gold pieces at shops.
You paid 71 gold pieces to Gozag.

Inventory:

Hand Weapons
 a - a +1 hand axe of flaming
 c - the +1 mace of Trog's Indignation {crush, -Tele rElec rC++ Dex+3}
   (You found it on level 5 of the Dungeon)

   It inflicts extra damage upon your enemies.
   It affects your dexterity (+3).
   It greatly protects you from cold.
   It insulates you from electricity.
   It prevents most forms of teleportation.
 d - a +1 dagger of venom
 s - a +4 quarterstaff of chaos (weapon)
 w - a +0 blowgun
Missiles
 f - 83 bolts
 h - 206 stones (quivered)
 k - 59 sling bullets
 o - 95 arrows
 v - 56 poisoned needles
 z - 3 tomahawks
Armour
 j - a +1 pair of boots (worn)
 m - a +2 hat (worn)
 y - a +3 ring mail of fire resistance (worn)
 C - a +0 cloak (worn)
Jewellery
 e - an amulet of guardian spirit (around neck)
 g - a ring of positive energy (right hand)
 r - an uncursed ring of fire
 A - a ring of poison resistance (left hand)
 B - an uncursed ring of ice
Scrolls
 b - 4 scrolls of teleportation
 i - 3 scrolls of recharging
 l - 5 scrolls of remove curse
 q - a scroll of identify
 t - a scroll of magic mapping
 x - a scroll of immolation
 G - a scroll of amnesia
Potions
 p - 3 potions of curing
 D - a potion of haste {unknown}
 E - a potion of ambrosia {unknown}
Books
 u - a book of Frost

   Spells                             Type                      Level
   a - Freeze                         Ice                          1
   b - Throw Frost                    Conjuration/Ice              2
   c - Ozocubu's Armour               Charms/Ice                   3
   d - Throw Icicle                   Conjuration/Ice              4
   e - Summon Ice Beast               Ice/Summoning                4
 F - a book of Minor Magic

   Spells                             Type                      Level
   a - Magic Dart                     Conjuration                  1
   b - Blink                          Translocation                2
   c - Call Imp                       Summoning                    2
   d - Slow                           Hexes                        2
   e - Conjure Flame                  Conjuration/Fire             3
   f - Mephitic Cloud                 Conjuration/Poison/Air       3
Comestibles
 n - 4 meat rations


   Skills:
 * Level 8.1 Fighting
 * Level 4.5 Short Blades
 - Level 7.0 Axes
 * Level 4.5 Staves
   Level 3.2 Bows
 * Level 8.9 Armour
 * Level 8.3 Dodging
   Level 1.7(1.6) Shields
 * Level 8.5 Spellcasting
   Level 1.7(1.6) Summonings
   Level 1.7(1.6) Evocations


You had 24 spell levels left.
You knew the following spells:

 Your Spells              Type           Power        Failure   Level  Hunger
a - Blink                 Tloc           N/A          36%         2    None


Dungeon Overview and Level Annotations

Branches:
Dungeon (9/15)             Temple (0/1) D:7
   Lair: D:8-11         Orc: D:9-12

Altars:
Ashenzari
Dithmenos
Fedhas
Gozag
Hepliaklqana
Kikubaaqudgha
Nemelex Xobeh
Okawaru
Vehumet
Wu Jian
Zin

Shops:
D:6 *   D:7 [

Annotations:
D:4 Duvessa
D:5 Edmund, Sigmund
D:6 exclusion: upstairs


Innate Abilities, Weirdness & Mutations

You have a short attention span.
You have very sharp teeth.
Your uncanny sense of smell can sniff out nearby items.


Message History

The two-headed ogre barely misses you.
You thump the two-headed ogre! You drain the two-headed ogre!
You bite the two-headed ogre, but do no damage.
The two-headed ogre is severely wounded.
The two-headed ogre hits you but does no damage.
The two-headed ogre closely misses you.
You sock the two-headed ogre!
The two-headed ogre goes berserk!
The two-headed ogre is severely wounded.
The two-headed ogre hits you with a dire flail!
The two-headed ogre closely misses you.
You hit the two-headed ogre.
The two-headed ogre is severely wounded.
The two-headed ogre hits you with a dire flail!!
* * * LOW HITPOINT WARNING * * *
The two-headed ogre hits you but does no damage.
The two-headed ogre hits you with a dire flail!!
* * * LOW HITPOINT WARNING * * *
The two-headed ogre hits you with a giant club!
You die...
Your body crumbles into a pile of gold.

##'## #.#.##^# #.#
#......# #.#
###.#### ##.## #.#
##...## #.#
##.....### #.#
#........# #.#
#.##.###.########.#
... #.#
#......O@..# ## #.#
############ #.# #.


You could see a two-headed ogre (berserk).

Vanquished Creatures
  A two-headed ogre (D:8)
  Pikel (D:7)
  Prince Ribbit (D:5)
  2 hungry ghosts (D:7)
  Menkaure (D:5)
  2 sky beasts (D:8)
  2 orc warriors
  An ice beast (D:6)
  A phantom (D:8)
  2 big kobolds (D:8)
  Blork the orc (D:5)
  A bullfrog (D:7)
  The ghost of Kythnos the Vexing, an amateur SpEn (D:3)
  Dowan (D:4)
  2 killer bees (D:7)
  4 wights (D:8)
  3 crimson imps
  A centaur zombie (D:7)
  2 jellies
  3 orc priests
  2 hounds
  Crazy Yiuf (D:7)
  A centaur skeleton (D:4)
  4 orc wizards
  2 iguanas
  4 worker ants
  3 gnolls
  13 adders
  3 shadow imps
  An ooze (D:2)
  2 adder zombies
  2 worms
  A dart slug (D:1)
  4 leopard geckos
  22 orcs
  3 ball pythons
  8 bats
  6 giant cockroaches
  8 goblins
  11 hobgoblins
  2 jackals (D:3)
  17 kobolds
  4 quokkas
  5 frilled lizards
  7 rats
169 creatures vanquished.

Vanquished Creatures (others)
  A bullfrog (D:7)
  A shadow imp (D:7)
  An orc (D:7)
  3 plants (D:5)
6 creatures vanquished.

Grand Total: 175 creatures vanquished

Notes
Turn   | Place    | Note
-------+----------+-------------------------------------------
     0 | D:1      | Chiseanne the Gnoll Wanderer began the quest for the Orb.
     0 | D:1      | Chiseanne set off with: a book of Minor Magic, a scroll of teleportation, a +0 ring mail, a +0 dagger, a bread ration
     0 | D:1      | Reached XP level 1. HP: 13/13 MP: 5/5
   209 | D:1      | Reached skill level 1 in Dodging
   213 | D:1      | Reached XP level 2. HP: 8/20 MP: 4/7
   239 | D:1      | Reached skill level 1 in Short Blades
   250 | D:1      | Reached skill level 5 in Armour
   842 | D:1      | Reached skill level 1 in Fighting
   970 | D:1      | Learned a level 2 spell: Blink
   999 | D:2      | Reached XP level 3. HP: 22/26 MP: 5/8
  2143 | D:2      | Reached XP level 4. HP: 27/33 MP: 10/10
  2161 | D:2      | Found a shattered altar of Ashenzari.
  2189 | D:2      | Found a blossoming altar of Fedhas.
  2863 | D:3      | Reached XP level 5. HP: 41/41 MP: 12/12
  3040 | D:3      | Found an iron altar of Okawaru.
  3316 | D:3      | Noticed Kythnos's ghost (amateur SpEn)
  3338 | D:3      | Killed Kythnos's ghost
  3338 | D:3      | Reached skill level 5 in Spellcasting
  3833 | D:3      | Reached XP level 6. HP: 31/47 MP: 9/14
  4310 | D:4      | Noticed Duvessa
  4310 | D:4      | Noticed Dowan
  4652 | D:4      | Found a radiant altar of Vehumet.
  4993 | D:4      | Killed Dowan
  5004 | D:5      | Entered Level 5 of the Dungeon
  5012 | D:5      | Reached skill level 1 in Axes
  5173 | D:5      | Found an ornate altar of the Wu Jian Council.
  5231 | D:5      | Reached XP level 7. HP: 28/55 MP: 6/16
  5494 | D:5      | Got a steaming mace
  5496 | D:5      | Identified the +1 mace of Trog's Indignation {crush, -Tele rElec rC++ Dex+3} (You found it on level 5 of the Dungeon)
  5526 | D:5      | Noticed Blork the orc
  5533 | D:5      | Noticed Prince Ribbit
  5536 | D:5      | Killed Blork the orc
  5541 | D:5      | Noticed Edmund
  5839 | D:6      | Found Gozag's Platinum Reserve.
  5935 | D:6      | Reached skill level 5 in Dodging
  6075 | D:6      | Found an ancient bone altar of Kikubaaqudgha.
  6128 | D:6      | Found an opulent altar of Gozag.
  6139 | D:6      | Became a worshipper of Gozag Ym Sagoz the Greedy
  6326 | D:6      | Reached skill level 5 in Fighting
  6670 | D:5      | Noticed Menkaure
  6676 | D:5      | Killed Menkaure
  6676 | D:5      | Reached XP level 8. HP: 63/63 MP: 16/18
  6681 | D:5      | Found a hazy altar of Hepliaklqana.
  6799 | D:5      | Found a shadowy altar of Dithmenos.
  6899 | D:5      | Found a sparkling altar of Nemelex Xobeh.
  7106 | D:5      | Noticed Sigmund
  7176 | D:5      | Found a glowing silver altar of Zin.
  7203 | D:5      | Killed Prince Ribbit
  7218 | D:5      | Reached skill level 5 in Axes
  7870 | D:7      | Noticed Pikel
  7926 | D:7      | Killed Pikel
  7926 | D:7      | Reached XP level 9. HP: 58/72 MP: 12/20
  7996 | D:7      | Found Tihyfaunt's Antique Armour Shoppe.
  8018 | D:7      | Bought a glowing hat for 196 gold pieces
  8163 | D:7      | Found a staircase to the Ecumenical Temple.
  8701 | D:7      | Found a runed door.
  8949 | D:7      | Noticed Crazy Yiuf
  8985 | D:7      | Killed Crazy Yiuf
  9090 | D:8      | Reached skill level 1 in Staves
  9292 | D:8      | Noticed a two-headed ogre
  9300 | D:8      | Killed a two-headed ogre
  9300 | D:8      | Reached XP level 10. HP: 71/80 MP: 20/22
  9753 | D:9      | Noticed a two-headed ogre
  9788 | D:9      | Mangled by a two-headed ogre

Vault maps used:
D:1:      minmay_arrival_solitary_statue, minmay_tetromino_l4
D:2:      ashenzari_altar_1, lemuel_crystal_altar, minmay_misc_feat_cross,
          grunt_ministairs_2, guppyfry_early_orc_mine
D:3:      okawaru_gym_becter, first_bread, gup_sewer_entry_bubbles
D:4:      kennysheep_mini, uniq_duvessa
D:5:      grunt_dithmenos_shadows, old_standard_altar,
          nemelex_xobeh_ov_fountains_minmay, nicolae_overflow_hidden_temple,
          lemuel_crystal_altar, st_stairs_3, chequers_big_river, uniq_sigmund,
          uniq_prince_ribbit1, uniq_menkaure, uniq_blork_the_orc, uniq_edmund
D:6:      kiku_gazebo_garden_becter, nicolae_gozag_zags_fifth_avenue,
          minivault_19
D:7:      minmay_temple_entry_statues, serial_shops,
          nicolae_shop_overgrown_old_shop, uniq_pikel, uniq_crazy_yiuf_cottage

Skill      XL: |  1  2  3  4  5  6  7  8  9 |
---------------+----------------------------+-----
Dodging        | 1 2 3 4 6 7 8 |  8.3
Spellcasting   | 4 5 6 7 8 |  8.5
Short Blades   | 1 2 3 4 |  4.5
Armour         | 5 6 7 8 |  8.9
Fighting       | 1 2 3 4 5 7 8 |  8.1
Axes           | 1 4 6 7 |  7.0
Staves         | 4 |  4.5
Bows           | |  3.2
Shields        | |  1.7
Summonings     | |  1.7
Evocations     | |  1.7

Action                   |  1- 3 |  4- 6 |  7- 9 | 10-12 || total
-------------------------+-------+-------+-------+-------++-------
Melee: Dagger            |   241 |   356 |       |       ||   597
       Bite              |    23 |    50 |    45 |     7 ||   125
       Hand axe          |       |    42 |   313 |       ||   355
       Quarterstaff      |       |       |    51 |    71 ||   122
 Fire: Blowgun           |       |       |    12 |     7 ||    19
Throw: Stone             |       |     9 |       |       ||     9
Evoke: Wand              |       |       |    11 |       ||    11
  Use: Scroll            |     6 |    11 |     6 |       ||    23
       Potion            |       |     4 |     5 |       ||     9
  Eat: Chunk             |     3 |    11 |     3 |       ||    17
       Fruit             |       |       |     3 |       ||     3
       Bread ration      |       |       |     5 |       ||     5
       Royal jelly       |       |       |     1 |       ||     1
       Meat ration       |       |       |       |     1 ||     1
Armor: Ring mail         |   126 |   151 |   144 |    19 ||   440
       Skin              |       |       |    15 |       ||    15
Dodge: Dodged            |   163 |   232 |   234 |    47 ||   676
